[Event "Team 45 45 League T88"]
[Site "Internet Chess Club"]
[Date "2021.04.25"]
[Round "3"]
[White "Conjurer"]
[Black "woofgang"]
[Result "1-0"]
[WhiteElo "1311"]
[BlackElo "1165"]
[Opening "Queen's pawn: London system"]
[ECO "A45"]
[Time "13:01:04"]
[TimeControl "2700+45"]

1. d4 Nf6 2. Bf4 e6 3. e3 b6 4. Nf3 Bb7 5. c4 Bb4+ 6. Nbd2 O-O 7. Bd3 d5 8. O-O
h6 9. h3 Nbd7 10. a3 Be7 11. Rc1 Rc8 12. Qb3 c5 13. cxd5 Nxd5 14. Bh2 Re8 15.
Nc4 N7f6 16. Qc2 cxd4 17. Nxd4 a6 18. Qe2 b5 19. Ne5 Bd6 20. Ndf3 Nd7 21. Ng4
N7f6 22. Nxf6+ Nxf6 23. Rfd1 Nd5 24. e4 Nf4 25. Bxf4 Bxf4 26. Rxc8 Qxc8 27. e5
Bg5 28. Nxg5 hxg5 29. Qh5 g6 30. Qxg5 Qc6 31. f3 Qc7 32. h4 Qe7 33. Qg3 Kg7 34.
h5 g5 35. f4 f6 36. exf6+ Qxf6 37. Qxg5+ Qxg5 38. fxg5 Rd8 39. h6+ Kh8 40. Be2
Rxd1+ 41. Bxd1 Be4 42. Bf3 Bg6 43. Kf2 e5 44. Ke3 Kg8 45. Bb7 a5 46. b4 axb4 47.
axb4 Kf8 48. Bc6 Ke7 49. Bxb5 Kd8 50. Bd3 {Black resigns} 1-0

[Event "Team 45 45 League T88"]
[Site "Internet Chess Club"]
[Date "2021.04.26"]
[Round "3"]
[White "Andressa"]
[Black "seattleblues"]
[Result "1/2-1/2"]
[WhiteElo "1347"]
[BlackElo "1325"]
[Opening "Caro-Kann defense"]
[ECO "B11"]
[Time "21:04:30"]
[TimeControl "2700+45"]

1. e4 c6 2. Nc3 d5 3. exd5 cxd5 4. d4 Nf6 5. Nf3 Bg4 6. h3 Bh5 7. Be2 Nc6 8. O-O
Qc7 9. Nb5 Qb8 10. Re1 e6 11. Ne5 Bxe2 12. Rxe2 Be7 13. Bf4 a6 14. Nc3 Qc8 15.
Na4 Bd8 16. Qd3 O-O 17. b3 b5 18. Nxc6 Qxc6 19. Nc5 Nd7 20. b4 Re8 21. Qg3 Bf6
22. c3 Nf8 23. Be5 Bxe5 24. Qxe5 Ng6 25. Qe3 Qc7 26. a4 Nf4 27. Ree1 Ng6 28.
axb5 axb5 {Game drawn by mutual agreement} 1/2-1/2

[Event "Team 45 45 League T88"]
[Site "Internet Chess Club"]
[Date "2021.04.22"]
[Round "3"]
[White "SeniorCitizen"]
[Black "RoyalFizzbin"]
[Result "1/2-1/2"]
[WhiteElo "1216"]
[BlackElo "1262"]
[Opening "Scandinavian: Pytel-Wade variation"]
[ECO "B01"]
[Time "14:00:48"]
[TimeControl "2700+45"]

1. e4 d5 2. exd5 Qxd5 3. Nc3 Qd6 4. Nf3 Nf6 5. Be2 c6 6. O-O Bg4 7. h3 Bh5 8. d4
h6 9. Be3 Nbd7 10. Nh4 Bxe2 11. Qxe2 Nd5 12. Nxd5 Qxd5 13. b3 e6 14. Nf3 Ba3 15.
c4 Qa5 16. Bd2 Bb4 17. Bxb4 Qxb4 18. Ne5 Nxe5 19. Qxe5 O-O 20. d5 cxd5 21. cxd5
exd5 22. Qxd5 Rfd8 {Game drawn by mutual agreement} 1/2-1/2

[Event "Team 45 45 League T88"]
[Site "Internet Chess Club"]
[Date "2021.04.22"]
[Round "3"]
[White "howah45"]
[Black "dwmt"]
[Result "1/2-1/2"]
[WhiteElo "1148"]
[BlackElo "1144"]
[Opening "Owen defense"]
[ECO "B00"]
[Time "19:01:03"]
[TimeControl "2700+45"]

1. e4 b6 2. d4 Bb7 3. Nc3 d5 4. Qe2 dxe4 5. Nxe4 Bxe4 6. Qxe4 c6 7. Nf3 Qd5 8.
Qxd5 cxd5 9. Bb5+ Nd7 10. Ne5 Nf6 11. Bg5 a6 12. Bc6 Rd8 13. O-O h6 14. Bxf6
gxf6 15. Nxd7 Rxd7 16. Bxd7+ Kxd7 17. Rac1 e6 18. c4 f5 19. Rc2 Bg7 20. Rfc1 Rc8
21. c5 Bxd4 22. c6+ Kd6 23. c7 b5 24. Rc6+ Ke5 25. Rxa6 Bxb2 26. Rc2 Bd4 27. Ra8
Rxa8 28. c8=Q Rxc8 29. Rxc8 b4 30. Rh8 Ke4 31. Rxh6 f6 32. Rh4+ f4 33. g3 e5 34.
Kg2 f5 35. f3+ Ke3 36. gxf4 exf4 37. Rh5 Be5 38. Rxf5 Kd4 39. h4 Bg7 40. Rxf4+
Kc3 41. Rf5 d4 42. Rd5 d3 43. f4 d2 44. Kf2 Kc2 45. Ke2 Bc3 46. h5 Kb2 47. Kd1
Kxa2 48. Kc2 b3+ 49. Kxc3 b2 50. Ra5+ Kb1 51. Kxd2 {Black stalemated} 1/2-1/2

[Event "Team 45 45 League T88"]
[Site "Internet Chess Club"]
[Date "2021.04.25"]
[Round "3"]
[White "Redman1"]
[Black "julesraider"]
[Result "1/2-1/2"]
[WhiteElo "1609"]
[BlackElo "1585"]
[Opening "Caro-Kann: classical, Maróczy attack"]
[ECO "B18"]
[Time "14:00:24"]
[TimeControl "2700+45"]

1. e4 c6 2. d4 d5 3. Nc3 dxe4 4. Nxe4 Bf5 5. Ng3 Bg6 6. f4 h6 7. c3 e6 8. Nf3
Nd7 9. f5 exf5 10. Bd3 Qe7+ 11. Kf2 O-O-O 12. Bf4 Qf6 13. Qa4 Bd6 14. Bxd6 Qxd6
15. Qxa7 Ne7 16. Rhe1 f4 17. Ne4 Bxe4 18. Bxe4 f5 19. Bc2 g5 20. Bb3 Nd5 21.
Bxd5 Qxd5 22. Ne5 g4 23. c4 g3+ 24. hxg3 fxg3+ 25. Kg1 Qe6 26. d5 Qf6 27. dxc6
bxc6 28. Qa6+ Kc7 29. Qa7+ Kc8 30. Qa6+ Kc7 31. Qa7+ Kc8 32. Qa6+ {Game drawn by
repetition} 1/2-1/2

[Event "Team 45 45 League T88"]
[Site "Internet Chess Club"]
[Date "2021.04.24"]
[Round "3"]
[White "kabindra"]
[Black "borfin"]
[Result "0-1"]
[WhiteElo "1683"]
[BlackElo "1559"]
[Opening "Bishop's opening: Ponziani gambit"]
[ECO "C24"]
[Time "17:00:43"]
[TimeControl "2700+45"]

1. e4 e5 2. Bc4 Nf6 3. d4 Nxe4 4. dxe5 Qe7 5. Qd5 Nc5 6. Be3 Ne6 7. c3 c6 8. Qe4
d5 9. exd6 Qxd6 10. Nf3 Be7 11. Bd3 Nd7 12. Bg5 Nxg5 13. Nxg5 Nf6 14. Qc4 Qe5+
15. Be2 {White resigns} 0-1

[Event "Team 45 45 League T88"]
[Site "Internet Chess Club"]
[Date "2021.04.22"]
[Round "3"]
[White "Toalla"]
[Black "oldsj"]
[Result "1/2-1/2"]
[WhiteElo "1147"]
[BlackElo "1368"]
[Opening "Sicilian: Smith-Morra gambit"]
[ECO "B21"]
[Time "18:07:19"]
[TimeControl "2700+45"]

1. e4 c5 2. d4 cxd4 3. Qxd4 Nc6 4. Qd1 Nf6 5. Nc3 d6 6. Nf3 e6 7. h3 Be7 8. Bf4
O-O 9. Be2 a6 10. O-O b5 11. a3 Bb7 12. Re1 Rc8 13. e5 dxe5 14. Qxd8 Rfxd8 15.
Nxe5 Nxe5 16. Bxe5 Rd7 17. Rad1 Rcd8 18. Rxd7 Rxd7 19. Rd1 Rxd1+ 20. Nxd1 Nd5
21. c3 Nb6 22. b4 Nd7 23. Bh2 Bd5 24. Ne3 Bb7 {Game drawn by mutual agreement}
1/2-1/2

[Event "Team 45 45 League T88"]
[Site "Internet Chess Club"]
[Date "2021.04.22"]
[Round "3"]
[White "RD1974"]
[Black "Insan996"]
[Result "1/2-1/2"]
[WhiteElo "1514"]
[BlackElo "1575"]
[Opening "Caro-Kann: anti-anti-Caro-Kann defense"]
[ECO "B10"]
[Time "17:15:48"]
[TimeControl "2700+45"]

1. e4 c6 2. c4 d5 3. cxd5 cxd5 4. exd5 Qxd5 5. Nc3 Qd8 6. Nf3 Nf6 7. Bc4 e6 8.
O-O Be7 9. d4 O-O 10. Bf4 Nc6 11. a3 b6 12. d5 Na5 13. Ba2 exd5 14. Nxd5 Nxd5
15. Bxd5 Bb7 16. Bxb7 Nxb7 17. Qe2 Re8 18. Rfd1 Bd6 19. Qd2 Bxf4 20. Qxf4 Qe7
21. b4 Rac8 22. Rac1 h6 23. h3 Red8 24. Ne5 Qe6 25. Rxd8+ Nxd8 26. Rxc8 Qxc8 27.
Qc4 Qxc4 28. Nxc4 Ne6 29. Nd6 Nd4 30. a4 a6 31. Kf1 Kf8 32. b5 axb5 33. axb5 Ke7
34. Nc8+ Ke6 35. Nxb6 Nxb5 36. Nc4 f5 37. f4 Nd6 38. Nxd6 Kxd6 39. Ke2 Kd5 40.
Kd3 h5 41. h4 Kc5 42. Kc3 Kd5 43. Kd3 g6 44. g3 Kc5 45. Kc3 {Game drawn by
mutual agreement} 1/2-1/2

[Event "Team 45 45 League T88"]
[Site "Internet Chess Club"]
[Date "2021.04.22"]
[Round "3"]
[White "fireball"]
[Black "WillC"]
[Result "1-0"]
[WhiteElo "1498"]
[BlackElo "1506"]
[Opening "Scandinavian defense"]
[ECO "B01"]
[Time "17:07:09"]
[TimeControl "2700+45"]

1. e4 d5 2. exd5 Nf6 3. Nf3 Nxd5 4. d4 Bf5 5. a3 e6 6. c4 Nf6 7. Nc3 Be7 8. Bd3
Bxd3 9. Qxd3 O-O 10. Be3 c5 11. O-O-O cxd4 12. Qxd4 Qa5 13. Qe5 Qa6 14. Qb5 Rc8
15. Qxa6 Nxa6 16. Ne5 Nc5 17. b4 Nce4 18. Kb2 Nxc3 19. Kxc3 a5 20. Kb3 axb4 21.
axb4 Ra6 22. Ra1 Rca8 23. Rxa6 Rxa6 24. Rd1 h6 25. h3 Kf8 26. Nd7+ Ke8 27. Nc5
Bxc5 28. Bxc5 Nd7 29. Be3 e5 30. Rd5 Rc6 31. b5 Rc8 32. c5 Ke7 33. Kb4 f6 34.
Rd3 f5 35. f3 g5 36. Ra3 Kd8 37. Rd3 Kc7 38. b6+ Kd8 39. Rd6 Rc6 40. Rxc6 bxc6
41. g3 Nf6 42. Ka5 Kc8 43. Ka6 Kb8 44. f4 Nd5 45. fxg5 hxg5 46. Bxg5 e4 47. h4
e3 48. h5 e2 49. Bd2 Nf6 50. Bf4+ Kc8 51. b7+ Kd7 52. Bd2 Ne4 53. Be1 Nxc5+ 54.
Ka7 Nxb7 55. Kxb7 Ke7 56. Kxc6 Kf6 57. Kd5 Kg5 58. Ke5 Kxh5 59. Kxf5 {Black
resigns} 1-0

[Event "Team 45 45 League T88"]
[Site "Internet Chess Club"]
[Date "2021.04.24"]
[Round "3"]
[White "sdcohle"]
[Black "smsxman"]
[Result "0-1"]
[WhiteElo "1355"]
[BlackElo "1431"]
[Opening "Scandinavian (center counter) defense"]
[ECO "B01"]
[Time "14:02:35"]
[TimeControl "2700+45"]

1. e4 d5 2. exd5 Qxd5 3. Nc3 Qd8 4. g3 Nf6 5. Bg2 e6 6. Nge2 Bb4 7. O-O O-O 8.
d3 Bxc3 9. Nxc3 Nd5 10. Bd2 c6 11. Re1 Nd7 12. Nxd5 cxd5 13. d4 Nb6 14. b3 a5
15. a4 Bd7 16. Re2 Bc6 17. c3 Nc8 18. Qc2 Nd6 19. c4 Nf5 20. Bc3 Qf6 21. Rd1 Qd8
22. Re5 Ne7 23. cxd5 Bxd5 24. Bxd5 Nxd5 25. Bb2 Rc8 26. Qd2 Qf6 27. Qxa5 Rc2 28.
Rd2 b6 29. Rxc2 bxa5 30. Rc5 Qg6 31. Re2 Ra8 32. Rec2 h6 33. Bc1 Qd3 34. Bd2
Qxb3 35. Bxa5 Qxa4 36. Bd2 Qxd4 37. R5c4 Qf6 38. Kg2 Qg6 39. h3 Nf6 40. Be3 Re8
41. Rc6 Nd5 42. Bd4 Nb4 43. Rc8 Rxc8 44. Rxc8+ Kh7 45. Bb2 Qe4+ 46. Kg1 Qb1+ 47.
Kg2 Qxb2 48. Rb8 Qd4 49. Rc8 Nd3 50. Rc2 Qe4+ 51. Kg1 Ne5 52. Ra2 Qe1+ 53. Kg2
Qd1 54. Ra3 Nc4 55. Rc3 Qd5+ 56. Kh2 Ne5 57. Rc2 Qd1 58. Ra2 Nf3+ 59. Kg2 e5 60.
h4 e4 61. Rb2 f5 62. h5 Qg1+ 63. Kh3 Qh1# {White checkmated} 0-1

[Event "Team 45 45 League T88"]
[Site "Internet Chess Club"]
[Date "2021.04.24"]
[Round "3"]
[White "jaboti"]
[Black "Pawnchain"]
[Result "1-0"]
[WhiteElo "1567"]
[BlackElo "1288"]
[Opening "English opening"]
[ECO "B38"]
[Time "15:00:25"]
[TimeControl "2700+45"]

1. Nf3 Nf6 2. c4 g6 3. Nc3 Bg7 4. e4 c5 5. d4 cxd4 6. Nxd4 Nc6 7. Be3 e5 8. Nf3
Ng4 9. Bc1 Qb6 10. Be2 Nxf2 11. Nd5 Nxd1 12. Nxb6 axb6 13. Bxd1 d6 14. O-O Be6
15. b3 O-O 16. Be3 f5 17. Bxb6 fxe4 18. Ng5 Bf5 19. Bc2 {Black resigns} 1-0

[Event "Team 45 45 League T88"]
[Site "Internet Chess Club"]
[Date "2021.04.24"]
[Round "3"]
[White "kingsrook"]
[Black "xingon"]
[Result "0-1"]
[WhiteElo "1139"]
[BlackElo "1430"]
[Opening "Nimzo-Indian: 4.e3 c5, 5.Ne2 (Rubinstein, anti-Hübner system)"]
[ECO "E42"]
[Time "10:00:41"]
[TimeControl "2700+45"]

1. d4 Nf6 2. c4 e6 3. Nc3 Bb4 4. e3 c5 5. Ne2 cxd4 6. exd4 Ne4 7. Bd2 Nxd2 8.
Qxd2 O-O 9. a3 Be7 10. c5 d6 11. b4 b6 12. cxd6 Qxd6 13. Ne4 Qd7 14. Nf4 Rd8 15.
Rd1 Bb7 16. Qd3 Nc6 17. d5 exd5 18. Nxd5 Ne5 19. Ndf6+ Bxf6 20. Nxf6+ gxf6 21.
Qg3+ Qg4 22. Be2 Qxg3 23. hxg3 Bxg2 24. Rg1 Bb7 25. Rc1 Bf3 26. Rc2 Bxe2 27.
Rxe2 Re8 28. Kf1 Rad8 29. Kg2 Nc4 30. Rxe8+ Rxe8 31. Ra1 h5 32. a4 f5 33. Rc1
Nb2 {White forfeits on time} 0-1

[Event "Team 45 45 League T88"]
[Site "Internet Chess Club"]
[Date "2021.04.23"]
[Round "3"]
[White "Visin"]
[Black "jungleboy"]
[Result "0-1"]
[WhiteElo "1343"]
[BlackElo "1162"]
[Opening "Giuoco Pianissimo: Italian four knights variation"]
[ECO "C55"]
[Time "15:02:04"]
[TimeControl "2700+45"]

1. e4 e5 2. Nf3 Nc6 3. Bc4 Nf6 4. Nc3 Bc5 5. d3 h6 6. Bd2 d6 7. h3 O-O 8. O-O a6
9. a4 Bd7 10. b3 Na5 11. Re1 Nxc4 12. dxc4 Re8 13. Na2 Bc6 14. b4 Ba7 15. Nc3
Bd7 16. b5 axb5 17. cxb5 c6 18. Rb1 Bb6 19. Be3 Bxe3 20. Rxe3 b6 21. Qxd6 Re6
22. Qd2 Nh5 23. Rd3 Ra7 24. bxc6 Rxc6 25. Nxe5 Rcc7 26. Nb5 Qf6 27. Nxa7 Nf4 28.
Rxd7 Qg5 29. f3 Rxd7 30. Nxd7 Nxh3+ 31. Kh2 Qxd2 32. Kxh3 Qxd7+ 33. Kh2 Qxa7 34.
Rb4 Qc7+ 35. Kh3 Qxc2 36. Rxb6 Qxa4 37. Rb8+ Kh7 38. Rb7 Qa6 39. Rxf7 Qe6+ 40.
Rf5 g6 41. Kg4 {White resigns} 0-1

[Event "Team 45 45 League T88"]
[Site "Internet Chess Club"]
[Date "2021.04.25"]
[Round "3"]
[White "Constrictor"]
[Black "Gojira"]
[Result "0-1"]
[WhiteElo "1504"]
[BlackElo "1552"]
[Opening "Santasiere's folly"]
[ECO "A06"]
[Time "14:30:47"]
[TimeControl "2700+45"]

1. Nf3 d5 2. b4 Bf5 3. Bb2 e6 4. b5 c5 5. e3 a6 6. a4 Nf6 7. c4 axb5 8. axb5
Rxa1 9. Bxa1 Be7 10. Be2 dxc4 11. Bxc4 Bd3 12. Qb3 Bxc4 13. Qxc4 Qd5 14. Na3 O-O
15. O-O Nbd7 16. Qxd5 exd5 17. Nc2 Ra8 18. Rb1 Ne4 19. d3 Nd6 20. Nd2 Ra5 21. e4
dxe4 22. Nxe4 Rxb5 23. Nc3 Rxb1+ 24. Nxb1 Nb5 25. Ne3 Bf6 26. Bxf6 Nxf6 27. Nd2
Nd7 28. Ndc4 Nd4 29. Kf1 b5 30. Nb2 f6 31. Nd5 Kf7 32. Nf4 g5 33. Nd5 f5 34. Ne3
Ke6 35. Ke1 f4 36. Ned1 b4 37. f3 Kd5 38. Nf2 Nf6 39. Kd2 Nf5 40. Ne4 Nh5 41.
Nxg5 h6 42. Ne4 Nh4 43. g4 Nxf3+ 44. Ke2 Nd4+ 45. Kf2 Ng7 46. h4 Nge6 47. Nf6+
Ke5 48. Ng8 h5 49. Nc4+ Kd5 50. gxh5 Nf5 51. h6 Nf8 52. Nf6+ Kd4 53. h7 Nxh7 54.
Nxh7 Kxd3 55. Nb2+ Kc2 56. Nc4 Nxh4 57. Ng5 b3 58. Ne4 Kd3 59. Ned6 Kc3 60. Na3
b2 61. Ne4+ Kd4 62. Nd2 Kd3 63. Nab1 c4 64. Ke1 c3 65. Nxc3 Kxc3 66. Kd1 Nf3 67.
Ne4+ Kb3 68. Nc5+ Ka2 {White resigns} 0-1

[Event "Team 45 45 League T88"]
[Site "Internet Chess Club"]
[Date "2021.04.23"]
[Round "3"]
[White "cap78red"]
[Black "bardu"]
[Result "0-1"]
[WhiteElo "1315"]
[BlackElo "1359"]
[Opening "English: Mikenas-Carls, Sicilian variation"]
[ECO "A19"]
[Time "15:03:54"]
[TimeControl "2700+45"]

1. c4 Nf6 2. Nc3 e6 3. e4 c5 4. e5 Ng8 5. Nf3 Nc6 6. d4 cxd4 7. Nxd4 Nxe5 8.
Ndb5 a6 9. Bf4 axb5 10. Bxe5 bxc4 11. Nb5 Qa5+ 12. b4 Qxb5 13. Qd4 Bxb4+ 14. Kd1
Qa4+ 15. Kc1 Ba3+ 16. Kb1 Qb4+ 17. Kc2 Qa4+ 18. Kb1 f6 19. Bd6 Bxd6 20. Qxd6
Qb5+ 21. Kc2 Qf5+ 22. Kc3 Ra6 23. Qc7 Rc6 24. Qg3 Qa5+ 25. Kd4 e5+ 26. Ke4 d5+
27. Kf3 Qc3+ 28. Ke2 Qxa1 29. Qxg7 Qxa2+ 30. Kf3 e4+ 31. Kg3 Qb3+ 32. f3 f5 33.
Qxh8 Rg6+ 34. Kf4 exf3 35. Qe5+ Re6 36. Qxd5 Qe3+ 37. Kg3 Rg6+ {White resigns}
0-1

[Event "Team 45 45 League T88"]
[Site "Internet Chess Club"]
[Date "2021.04.25"]
[Round "3"]
[White "smsxman"]
[Black "CMAlge"]
[Result "0-1"]
[WhiteElo "1413"]
[BlackElo "1270"]
[Opening "Four knights: double Ruy Lopez"]
[ECO "C49"]
[Time "12:59:35"]
[TimeControl "2700+45"]

1. e4 e5 2. Nc3 Nc6 3. Bb5 Nf6 4. Nf3 Bb4 5. Nd5 Nxd5 6. exd5 Nd4 7. Nxd4 exd4
8. O-O O-O 9. Bd3 Bd6 10. Qg4 Be5 11. Qe2 Re8 12. Qf3 Qh4 13. g3 Qh3 14. Bf5 Qh6
15. d3 Qf6 16. Be4 c6 17. Qg2 c5 18. c3 dxc3 19. bxc3 Bxc3 20. Rb1 Be5 21. Qh3
g6 22. f4 Bd4+ 23. Kh1 d6 24. Qg2 Bf5 25. Bb2 b6 26. Bxd4 cxd4 27. Rbc1 Re7 28.
g4 Bxe4 29. dxe4 Rae8 30. e5 dxe5 31. Rc6 Qg7 32. f5 gxf5 33. Rxf5 e4 34. h4 d3
35. Rg5 e3 36. Rxg7+ Kxg7 37. Qb2+ Re5 38. Rc1 d2 39. Rg1 e2 40. Qxd2 e1=Q 41.
Qd4 f6 42. g5 Qxg1+ 43. Kxg1 Re1+ 44. Kg2 R8e2+ 45. Kf3 Re3+ 46. Qxe3 Rxe3+ 47.
Kxe3 fxg5 48. hxg5 b5 49. Ke4 Kf7 50. Kf5 Ke7 51. Ke5 a5 52. d6+ Kd7 53. Kf6 b4
54. Kg7 a4 55. Kxh7 b3 56. axb3 axb3 57. g6 b2 58. Kh8 b1=Q 59. g7 Qh1+ 60. Kg8
Qh6 61. Kf8 Qxd6+ 62. Kf7 Qe6+ {White resigns} 0-1

[Event "Team 45 45 League T88"]
[Site "Internet Chess Club"]
[Date "2021.04.25"]
[Round "3"]
[White "seldredg"]
[Black "stantheman59"]
[Result "0-1"]
[WhiteElo "1272"]
[BlackElo "1233"]
[Opening "Queen's pawn game, Chigorin variation"]
[ECO "D02"]
[Time "12:30:30"]
[TimeControl "2700+45"]

1. d4 d5 2. Nf3 Nc6 3. c3 Nf6 4. Bg5 Nd7 5. e3 h6 6. Bf4 Nf6 7. h3 Bf5 8. c4 e6
9. a3 Bd6 10. Bxd6 Qxd6 11. c5 Qe7 12. Bb5 O-O 13. O-O e5 14. Bxc6 bxc6 15. Nxe5
Qe6 16. Qf3 Ne4 17. h4 f6 18. g4 Bh7 19. Nd3 Ng5 20. Qe2 Bxd3 21. Qxd3 Qxg4+ 22.
Kh1 Qh3+ 23. Kg1 Nf3# {White checkmated} 0-1

[Event "Team 45 45 League T88"]
[Site "Internet Chess Club"]
[Date "2021.04.23"]
[Round "3"]
[White "Egmont"]
[Black "bobhill"]
[Result "0-1"]
[WhiteElo "1659"]
[BlackElo "1813"]
[Opening "QGD: Charousek (Petrosian) variation"]
[ECO "D31"]
[Time "09:01:48"]
[TimeControl "2700+45"]

1. d4 d5 2. c4 e6 3. Nc3 Be7 4. cxd5 exd5 5. Bf4 Nf6 6. e3 O-O 7. h3 c6 8. Bd3
Re8 9. Nf3 h6 10. Rc1 Nbd7 11. O-O Nf8 12. a3 N6h7 13. e4 Be6 14. b4 Ng5 15. e5
Nxf3+ 16. Qxf3 Bg5 17. Ne2 a6 18. Bxg5 Qxg5 19. Qf4 Qe7 20. Ng3 Ng6 21. Qe3 Rf8
22. f4 f5 23. exf6 Qxf6 24. f5 Rae8 25. fxg6 Bf5 26. Rxf5 Rxe3 27. Rxf6 gxf6 28.
g7 Rd8 29. Rc3 Rxg3 30. Bh7+ Kxh7 31. Rxg3 Rg8 32. Kf2 Rxg7 33. Re3 Kg6 34. Rg3+
Kf7 35. Re3 Rg8 36. g4 Re8 37. a4 Rxe3 38. Kxe3 b6 39. Kf4 Ke6 40. h4 a5 41.
bxa5 bxa5 42. h5 Ke7 43. Kf5 Kf7 44. Kf4 Ke6 45. Kg3 Kd6 46. Kf3 c5 47. dxc5+
Kxc5 {White resigns} 0-1

[Event "Team 45 45 League T88"]
[Site "Internet Chess Club"]
[Date "2021.04.25"]
[Round "3"]
[White "Rookmaster"]
[Black "cityprosecutor"]
[Result "0-1"]
[WhiteElo "1596"]
[BlackElo "1719"]
[Opening "Pirc: Austrian attack, dragon formation"]
[ECO "B09"]
[Time "08:02:22"]
[TimeControl "2700+45"]

1. e4 d6 2. d4 Nf6 3. Nc3 g6 4. f4 Bg7 5. Nf3 c5 6. Bb5+ Bd7 7. e5 Ng4 8. Bxd7+
Qxd7 9. d5 dxe5 10. h3 e4 11. Nxe4 Nf6 12. Nxf6+ Bxf6 13. O-O Qd6 14. c4 Nd7 15.
Rb1 Qa6 16. Qb3 O-O 17. f5 Nb6 18. Bh6 Rfd8 19. fxg6 hxg6 20. Ng5 Qxc4 21. Qxc4
Nxc4 22. Ne4 Bd4+ 23. Kh1 Rxd5 24. b3 Ne3 25. Rf3 Nf5 26. Bf4 Be5 27. Rbf1 Bxf4
28. Rxf4 Re5 29. g4 Rxe4 30. gxf5 Rxf4 31. Rxf4 g5 32. Re4 Kf8 33. h4 gxh4 34.
Rxh4 Kg7 35. Kg2 Kf6 36. Kf3 Rd8 37. Rh6+ Kxf5 38. Rh5+ Kf6 39. Rxc5 Rd7 40. Ke4
e6 41. Rc2 Ke7 42. Rh2 Kd6 43. b4 f5+ 44. Ke3 Rc7 45. Rd2+ Ke5 46. Re2 f4+ 47.
Kd3+ Kf5 48. Kd4 Rd7+ 49. Kc5 f3 50. Rf2 Kf4 51. Rf1 Kg3 52. Rg1+ Kf2 53. Rg6 e5
54. Re6 Kg1 55. Rg6+ Kf1 56. Re6 f2 57. Rxe5 Rg7 {White resigns} 0-1

[Event "Team 45 45 League T88"]
[Site "Internet Chess Club"]
[Date "2021.04.23"]
[Round "3"]
[White "harrington"]
[Black "Mitochondria"]
[Result "1-0"]
[WhiteElo "1468"]
[BlackElo "1546"]
[Opening "Sicilian: Najdorf, Byrne (English) attack"]
[ECO "B90"]
[Time "21:08:35"]
[TimeControl "2700+45"]

1. e4 c5 2. Nf3 d6 3. d4 cxd4 4. Nxd4 Nf6 5. Nc3 a6 6. Be3 e6 7. g4 h6 8. Bg2 e5
9. Nf5 Bxf5 10. exf5 Nc6 11. Qe2 Be7 12. O-O-O Rc8 13. Kb1 Qa5 14. Nd5 b5 15.
Nxf6+ Bxf6 16. Rxd6 Ne7 17. Rhd1 e4 18. Bb6 {Black resigns} 1-0

[Event "Team 45 45 League T88"]
[Site "Internet Chess Club"]
[Date "2021.04.23"]
[Round "3"]
[White "room-matt"]
[Black "fledermaus"]
[Result "1-0"]
[WhiteElo "1867"]
[BlackElo "1837"]
[Opening "Sicilian: Grand Prix attack"]
[ECO "B21"]
[Time "11:01:24"]
[TimeControl "2700+45"]

1. e4 c5 2. f4 e6 3. Nf3 d5 4. Bb5+ Bd7 5. Bxd7+ Qxd7 6. exd5 exd5 7. Ne5 Qc7 8.
Qf3 Nf6 9. Nc3 Nc6 10. O-O Nd4 11. Qd3 c4 12. Qg3 Bc5 13. Kh1 O-O 14. b3 Nxc2
15. Rb1 cxb3 16. Rxb3 Nd4 17. Rb1 Ne4 18. Qd3 Nf6 19. Bb2 Ne6 20. Ne2 Ne4 21.
Ng4 Qd7 22. f5 Nc7 23. Ng3 Nxg3+ 24. Qxg3 Qc6 25. Nf6+ Kh8 26. Nh5 Ne8 27. Bxg7+
Kg8 28. Bf6+ {Black resigns} 1-0

[Event "Team 45 45 League T88"]
[Site "Internet Chess Club"]
[Date "2021.04.23"]
[Round "3"]
[White "Zugzwanged"]
[Black "MrAbendroth"]
[Result "1/2-1/2"]
[WhiteElo "1727"]
[BlackElo "1679"]
[Opening "French: exchange variation"]
[ECO "C01"]
[Time "15:05:03"]
[TimeControl "2700+45"]

1. e4 e6 2. d4 d5 3. exd5 exd5 4. Nf3 Bd6 5. Bd3 Ne7 6. O-O Bf5 7. Re1 Bxd3 8.
Qxd3 c6 9. Bg5 f6 10. Bh4 Qd7 11. Nbd2 Na6 12. Bg3 Bxg3 13. hxg3 O-O 14. Re2
Rae8 15. Rae1 Ng6 16. c3 Rxe2 17. Rxe2 Re8 18. Nb3 Rxe2 19. Qxe2 Qe7 20. Qxe7
Nxe7 21. Kf1 Kf7 22. Ke2 Ke6 23. g4 Ng6 24. g3 b6 25. Ke3 {Game drawn by mutual
agreement} 1/2-1/2

[Event "Team 45 45 League T88"]
[Site "Internet Chess Club"]
[Date "2021.04.24"]
[Round "3"]
[White "Redman1"]
[Black "dalmata"]
[Result "1/2-1/2"]
[WhiteElo "1610"]
[BlackElo "1533"]
[Opening "English opening"]
[ECO "A20"]
[Time "11:00:25"]
[TimeControl "2700+45"]

1. c4 e5 2. g3 d6 3. Bg2 Bd7 4. Nc3 Nc6 5. d3 f5 6. e4 Nf6 7. Nge2 g6 8. O-O Bg7
9. a3 Qe7 10. b4 fxe4 11. dxe4 Bg4 12. h3 Bxe2 13. Nxe2 O-O 14. Be3 a6 15. Qb3
Qe6 16. Nc3 a5 17. Nd5 Qf7 18. Rad1 axb4 19. axb4 b6 20. c5 Nxd5 21. exd5 bxc5
22. bxc5 Rab8 23. Qd3 Ne7 24. Rb1 Nf5 25. cxd6 cxd6 26. Bd2 Bh6 27. Bxh6 Nxh6
28. Rxb8 Rxb8 {Game drawn by mutual agreement} 1/2-1/2